 Dungeon Crawl Stone Soup version 0.29.1-4-g47bece8355 (webtiles) character file.

Game seed: 6279179072102724770

29554 DildoBatman the Geomancer (level 13, -4/94 HPs)
             Began as a Formicid Conjurer on Dec 10, 2022.
             Was a High Priest of Kikubaaqudgha.
             Slain by a sixfirhy (10 damage)
             ... summoned by Frances
             ... on level 12 of the Dungeon on Dec 11, 2022.
             The game lasted 00:45:18 (12029 turns).

DildoBatman the Geomancer (Formicid Conjurer)      Turns: 12029, Time: 00:45:18

Health: -4/94      AC: 11    Str: 21    XL:     13   Next: 82%
Magic:  16/28      EV: 13    Int: 25    God:    Kikubaaqudgha [*****.]
Gold:   793        SH:  0    Dex: 14    Spells: 25/35 levels left

rFire   . . .      SeeInvis +   a - +8 hand axe "Qohoez" {freeze, Will+ Str+4 Int+3}
rCold   . . .      Faith    .   (no shield)
rNeg    . . .      Spirit   .   s - +1 leather armour "Houpots" {Will+ Str+4 Dex+2}
rPois   .          Reflect  .   (helmet unavailable)
rElec   .          Harm     .   q - +0 cloak
rCorr   .          Rampage  .   J - +1 Delatra's gloves {ID++}
Will    ++++.                   P - +0 pair of boots
Stlth   ++........              m - amulet of magic regeneration
HPRegen 0.25/turn               D - ring of willpower
MPRegen 0.61/turn               (no ring)

@: no status effects
A: permanent stasis, dig shafts and tunnels, antennae 3, four strong arms,
iridescent scales 1, wild magic 1
a: Dig, Shaft Self, Renounce Religion, Unearth Wretches, Torment


You were on level 12 of the Dungeon.
You worshipped Kikubaaqudgha.
Kikubaaqudgha was extremely pleased with you.
You visited 3 branches of the dungeon, and saw 15 of its levels.
You also visited: Ossuary and Bailey.

You collected 899 gold pieces.
You spent 106 gold pieces at shops.

Inventory:

Hand Weapons
 a - the +8 hand axe "Qohoez" (weapon) {freeze, Will+ Str+4 Int+3}
   (You found it on level 8 of the Dungeon)

   It freezes those it strikes, dealing additional cold damage.
   It can also slow down cold-blooded creatures.
   Str:       It affects your strength (+4).
   Int:       It affects your intelligence (+3).
   Will:      It increases your willpower.
 b - the +6 dagger of the Iron City of Dis {spect, rPois Int+3 Dex-5}
   (You found it on level 5 of the Dungeon)

   When its wielder attacks, the weapon's spirit leaps out and strikes again.
   The spirit shares a part of any damage it takes with its wielder.
   Int:       It affects your intelligence (+3).
   Dex:       It affects your dexterity (-5).
   rPois:     It protects you from poison.
 c - a +0 hand crossbow
Missiles
 t - 6 curare-tipped darts
 G - 35 poisoned darts
Armour
 q - a +0 cloak (worn)
 s - the +1 leather armour "Houpots" (worn) {Will+ Str+4 Dex+2}
   (You found it on level 3 of the Dungeon)

   Str:       It affects your strength (+4).
   Dex:       It affects your dexterity (+2).
   Will:      It increases your willpower.
 J - the +1 Delatra's gloves (worn) {ID++}
   (You found it on level 7 of the Dungeon)

   It heals its wearer when they drink unknown potions.
   It restores its wearer's MP when they read unknown scrolls.
 N - a +2 robe of positive energy
 P - a +0 pair of boots (worn)
 S - a +2 robe of fire resistance
Magical Staves
 r - a staff of fire
 O - a staff of death
Jewellery
 m - an amulet of magic regeneration (around neck)
 D - a ring of willpower (left hand)
Wands
 d - a wand of charming (9)
 y - a wand of flame (11)
 F - a wand of acid (9)
 M - a wand of iceblast (6)
Scrolls
 f - 2 scrolls of summoning {unknown}
 h - 5 scrolls of immolation
 i - a scroll of fear {unknown}
 j - a scroll of acquirement {unknown}
 k - 2 scrolls of fog {unknown}
 n - a scroll of brand weapon {unknown}
 o - 2 scrolls of enchant armour {unknown}
 p - a scroll of poison {unknown}
 u - 3 scrolls of amnesia {unknown}
 v - 2 scrolls of torment {unknown}
 x - 2 scrolls of vulnerability {unknown}
 z - 5 scrolls of identify
 A - 6 scrolls of enchant weapon
 C - 3 scrolls of magic mapping
 I - 3 scrolls of blinking {unknown}
Potions
 e - 2 potions of mutation
 g - 3 potions of brilliance
 l - 2 potions of cancellation {unknown}
 w - 4 potions of heal wounds
 B - a potion of lignification
 E - a potion of resistance
 H - 2 potions of invisibility {unknown}
 K - 5 potions of flight
 L - 8 potions of curing
 Q - a potion of might {unknown}
 R - a potion of magic


   Skills:
 - Level 6.4 Fighting
 - Level 6.4 Armour
 - Level 4.4 Dodging
 - Level 2.4 Stealth
 * Level 11.8 Spellcasting
 - Level 6.0 Conjurations
 - Level 12.0 Necromancy
 - Level 12.5 Earth Magic


You had 25 spell levels left.
You knew the following spells:

 Your Spells              Type           Power      Damage    Failure   Level
a - Borgnjor's Vile Clut  Necr/Erth      39%        N/A       1%          5
c - Searing Ray           Conj           100%       2d8       1%          2
e - Magic Dart            Conj           100%       1d8       1%          1
z - Sublimation of Blood  Necr           77%        N/A       1%          2

Your spell library contained the following spells:

 Spells                   Type           Power      Damage    Failure   Level
 Necrotise                Necr           100%       1d9       1%          1
 Animate Dead             Necr           77%        N/A       1%          4
 Agony                    Necr           77%        N/A       1%          5
 Animate Armour           Summ/Erth      100%       N/A       6%          4
 Dazzling Flash           Conj/Hex       76%        N/A       7%          3
 Anguish                  Hex/Necr       27%        N/A       7%          4
 Apportation              Tloc           38%        N/A       8%          1
 Summon Small Mammal      Summ           76%        N/A       8%          1
 Death Channel            Necr           38%        N/A       9%          6
 Scorch                   Fire           38%        2d6       11%         2
 Corpse Rot               Necr/Pois/Air  45%        N/A       13%         4
 Call Canine Familiar     Summ           19%        N/A       21%         3
 Summon Guardian Golem    Hex/Summ       19%        N/A       21%         3
 Flame Wave               Conj/Fire      38%        2d10      21%         4
 Fulminant Prism          Conj/Hex       19%        3d11      21%         4
 Iskenderun's Mystic Bla  Conj/Tloc      38%        2d9       21%         4
 Summon Ice Beast         Ice/Summ       19%        N/A       52%         4
 Simulacrum               Ice/Necr       27%        N/A       61%         6
 Orb of Destruction       Conj           27%        9d9       99%         7
 Summon Cactus Giant      Summ           9%         N/A       100%        6
 Malign Gateway           Summ/Tloc      9%         N/A       100%        7
 Spellforged Servitor     Conj/Summ      19%        N/A       100%        7
 Summon Horrible Things   Summ           9%         N/A       100%        8


Dungeon Overview and Level Annotations

Branches:
Dungeon (12/15)            Temple (1/1) D:4            Lair (0/5) D:9
    Orc (2/2) D:11        Ossuary (visited)          Bailey (visited)
    Elf: Orc:2

Altars:
Ashenzari
Cheibriados
Dithmenos
Elyvilon
Fedhas
Gozag
Hepliaklqana
Kikubaaqudgha
Makhleb
Nemelex Xobeh
Okawaru
Qazlal
Ru
Sif Muna
Trog
Uskayaw
Vehumet
Wu Jian
Xom
Yredelemnul
Zin
The Shining One

Shops:
D:2 ?   D:8 (   D:10 *

Annotations:
D:6 exclusion: dancing weapon
D:9 2 transporters, ChadusMaximus's ghost, novice MiFi
D:12 Frances
Orc:1 3 runed translucent doors, Sucvi's ghost, journeyman MiFi


Innate Abilities, Weirdness & Mutations

You cannot be hasted, slowed, berserked, paralysed or teleported.
You can dig through walls and to a lower floor.
You have a pair of large antennae on your head. (SInv)
Your four strong arms can wield two-handed weapons with a shield.
You are partially covered in iridescent scales. (AC +2)
Your spells are a little harder to cast, but a little more powerful.


Message History

Zombie hands grab Frances.
The zombie hands constrict Frances!
Frances struggles to escape constriction.
The zombie hands constrict Frances!
Frances struggles to escape constriction. x2
The zombie hands lose their grip on something.
Casting: Borgnjor's Vile Clutch (dangerous; 1% risk of failure)
Confirm with . or Enter, or press ? or * to list all spells.
Aiming: Borgnjor's Vile Clutch (dangerous; 1% risk of failure)
Press: ? - help, Shift-Dir - straight line, f/p - Frances
Aim: Frances, wielding a +0 halberd and wearing a +0 leather armour (lightly wounded, fast, 100% to hit)
Zombie hands grab Frances.
The zombie hands constrict Frances!
Frances mutters in a terrible tongue.
The iron shot hits you!!!
Frances struggles to escape constriction.
The zombie hands constrict Frances!
Frances struggles to escape constriction.
The zombie hands constrict Frances!
Frances whispers indecipherable words.
Frances struggles to escape constriction.
The zombie hands lose their grip on something.
Casting: Borgnjor's Vile Clutch (dangerous; 1% risk of failure)
Confirm with . or Enter, or press ? or * to list all spells.
Aiming: Borgnjor's Vile Clutch (dangerous; 1% risk of failure)
Press: ? - help, Shift-Dir - straight line, f/p - Frances
Aim: Frances, wielding a +0 halberd and wearing a +0 leather armour (heavily wounded, fast, 100% to hit)
Zombie hands grab Frances.
The zombie hands constrict Frances!
Frances struggles to escape constriction.
The sixfirhy attacks as you move away! The sixfirhy hits you.
The sixfirhy shocks you!
The zombie hands constrict Frances!
The sixfirhy hits you. The sixfirhy shocks you! The sixfirhy hits you.
The sixfirhy shocks you!
You die...
Kikubaaqudgha rasps: "You have failed me!
Welcome... death!"

#####
+<..###########
###@3..##.3.@.#
####...@#.#.#
####...#@#
#####.# .# ##


You could see Frances (fast, clutched) and a sixfirhy (summoned).

Vanquished Creatures
  An orc warlord (Bailey)
  An ettin (Orc:1)
  A boulder beetle (D:11)
  2 two-headed ogres
  A centaur warrior (D:8)
  An orc high priest (Orc:2)
  Pikel (D:6)
  2 orc knights (Bailey)
  2 ugly things
  An orc sorcerer (Orc:1)
  2 cyclopes (D:7)
  Joseph (D:10)
  Maggie (D:10)
  A troll (D:11)
  Grinder (D:2)
  Sigmund (D:2)
  A wraith (D:11)
  A vampire (D:10)
  A wyvern (D:8)
  2 vampire mosquitoes (D:11)
  4 wargs
  Menkaure (D:6)
  3 water moccasins
  23 orc warriors
  A black bear (D:4)
  An ice beast (D:8)
  3 ogres
  3 centaurs
  4 lemures (D:6)
  A kobold brigand (D:9)
  A necrophage (D:6)
  3 bullfrogs
  3 scorpions
  5 wights (D:8)
  19 killer bees
  2 centaur zombies (Ossuary)
  A gnoll bouda (D:8)
  A human zombie (Ossuary)
  3 jellies
  12 orc priests
  3 hounds
  Crazy Yiuf (D:2)
  5 iguanas
  10 orc wizards
  Terence (D:3)
  5 mummies (Ossuary)
  18 gnolls
  5 adders
  3 shadow imps
  3 white imps
  3 ufetubi
  A worm (D:5)
  10 dart slugs
  37 orcs
  4 bats
  An endoplasm (D:1)
  6 giant cockroaches
  2 gnoll zombies (Ossuary)
  12 goblins
  17 hobgoblins
  2 jackals (D:2)
  3 quokkas
  5 ball pythons
  2 frilled lizards
  A goblin zombie (D:6)
  A hobgoblin zombie (Ossuary)
  15 kobolds
  2 kobold zombies (Ossuary)
  A quokka zombie (D:6)
  A rat (D:2)
299 creatures vanquished.

Notes
Turn   | Place    | Note
-------+----------+-------------------------------------------
     0 | D:1      | DildoBatman the Formicid Conjurer began the quest for the
                  | Orb.
     0 | D:1      | Reached XP level 1. HP: 13/13 MP: 3/3
   161 | D:1      | Reached XP level 2. HP: 14/20 MP: 0/5
   164 | D:1      | Learned a level 2 spell: Searing Ray
   417 | D:1      | Found a faded altar of an unknown god.
   761 | D:2      | Reached skill level 1 in Fighting
   761 | D:2      | Reached skill level 1 in Armour
   761 | D:2      | Reached XP level 3. HP: 26/26 MP: 2/6
   964 | D:2      | Noticed Sigmund
  1116 | D:2      | Found a snail-covered altar of Cheibriados.
  1194 | D:2      | Reached XP level 4. HP: 32/32 MP: 1/8
  1299 | D:2      | Found Ifif's Magic Scroll Emporium.
  1597 | D:3      | Reached XP level 5. HP: 38/38 MP: 5/9
  1629 | D:3      | Identified the +1 leather armour "Houpots" {Will+ Str+4
                  | Dex+2}
  1813 | D:2      | Bought a scroll of magic mapping for 82 gold pieces
  2079 | D:3      | Noticed Terence
  2161 | D:3      | Noticed Grinder
  3034 | D:4      | Noticed a black bear
  3045 | D:4      | Killed a black bear
  3046 | D:4      | Reached XP level 6. HP: 29/47 MP: 6/11
  3084 | D:4      | Found a staircase to the Ecumenical Temple.
  3093 | Temple   | Entered the Ecumenical Temple
  3101 | Temple   | Became a worshipper of Kikubaaqudgha
  3167 | D:2      | Killed Grinder
  3168 | D:2      | Reached skill level 5 in Conjurations
  3168 | D:2      | Reached XP level 7. HP: 52/52 MP: 3/13
  3233 | D:2      | Killed Sigmund
  3234 | D:2      | Reached skill level 5 in Spellcasting
  3258 | D:2      | Found a runed translucent door.
  3259 | D:2      | Noticed Crazy Yiuf
  3268 | D:2      | HP: 2/52 [Crazy Yiuf/+4 quarterstaff of chaos (20)]
  3269 | D:2      | Killed Crazy Yiuf
  3512 | D:3      | Killed Terence
  3781 | D:4      | Reached XP level 8. HP: 58/58 MP: 11/16
  3885 | D:4      | Found a sacrificial altar of Ru.
  3889 | D:4      | Found a snail-covered altar of Cheibriados.
  4001 | D:5      | Entered Level 5 of the Dungeon
  4053 | D:5      | Reached * piety under Kikubaaqudgha
  4053 | D:5      | Received a gift from Kikubaaqudgha
  4362 | D:5      | Identified the +6 dagger of the Iron City of Dis {spect,
                  | rPois Int+3 Dex-5}
  4401 | D:5      | Found a sparkling altar of Nemelex Xobeh.
  4780 | D:6      | Noticed Pikel
  4852 | D:6      | Found a sand-covered staircase.
  4869 | Ossuary  | Entered an ossuary
  5129 | D:6      | Got the Precepts of the Supportive Compass
  5277 | D:6      | Noticed a +0 spear
  5277 | D:6      | Noticed a +0 short sword
  5277 | D:6      | Noticed a +0 dagger
  5277 | D:6      | Noticed a +0 dagger
  5277 | D:6      | Noticed a +0 falchion
  5277 | D:6      | Noticed a +0 short sword
  5277 | D:6      | Noticed a +0 falchion
  5277 | D:6      | Noticed a +0 spear
  5355 | D:6      | Noticed Menkaure
  5359 | D:6      | Killed Menkaure
  5360 | D:6      | Reached XP level 9. HP: 65/65 MP: 15/19
  5363 | D:6      | Learned a level 2 spell: Sublimation of Blood
  5427 | D:6      | Reached ** piety under Kikubaaqudgha
  5655 | D:6      | Found a hide-covered altar of Uskayaw.
  5679 | D:6      | Reached skill level 5 in Fighting
  5679 | D:6      | Reached skill level 5 in Armour
  6115 | D:7      | Found the +1 Delatra's gloves {ID++}
  6278 | D:7      | Noticed a cyclops
  6329 | D:7      | Noticed a purple ugly thing
  6571 | D:8      | Found Niokiase's Antique Weapon Shop.
  6657 | D:8      | Found a flagged portal.
  6665 | D:8      | Identified the +8 hand axe "Qohoez" {freeze, Will+ Str+4
                  | Int+3}
  6670 | D:8      | Gained mutation: You are partially covered in iridescent
                  | scales. (AC +2) [potion of mutation]
  6670 | D:8      | Gained mutation: Your spells are a little harder to cast,
                  | but a little more powerful. [potion of mutation]
  6680 | D:8      | Noticed a centaur warrior
  6700 | Bailey   | Entered a bailey
  6753 | Bailey   | Reached *** piety under Kikubaaqudgha
  6753 | Bailey   | Received a gift from Kikubaaqudgha
  6760 | Bailey   | Learned a level 5 spell: Borgnjor's Vile Clutch
  6786 | Bailey   | Reached skill level 1 in Necromancy
  6786 | Bailey   | Reached skill level 1 in Earth Magic
  6786 | Bailey   | Reached XP level 10. HP: 67/77 MP: 14/20
  7015 | Bailey   | Noticed an orc knight
  7226 | Bailey   | Reached skill level 5 in Earth Magic
  7766 | Bailey   | Noticed an orc warlord
  7787 | Bailey   | Killed an orc warlord
  7788 | Bailey   | Reached skill level 5 in Necromancy
  7825 | Bailey   | Noticed an orc knight
  7903 | Bailey   | Reached skill level 10 in Earth Magic
  7903 | Bailey   | Reached XP level 11. HP: 46/83 MP: 6/21
  7906 | Bailey   | HP: 1/83 [orc knight/+0 broad axe (29)]
  7907 | Bailey   | Killed an orc knight
  7912 | Bailey   | Killed an orc knight
  7913 | Bailey   | Reached XP level 12. HP: 10/89 MP: 19/22
  7916 | Bailey   | Reached skill level 10 in Necromancy
  7916 | Bailey   | Reached XP level 13. HP: 11/94 MP: 20/25
  8070 | D:8      | Killed a centaur warrior
  8609 | D:8      | Reached **** piety under Kikubaaqudgha
  8911 | D:6      | Killed Pikel
  9400 | D:9      | Found a transporter.
  9404 | D:9      | Noticed ChadusMaximus's ghost (novice MiFi)
  9441 | D:9      | Found a transporter.
  9473 | D:9      | Found a staircase to the Lair.
  9864 | D:10     | Entered Level 10 of the Dungeon
  9956 | D:10     | Found Pimici Zioth's Assorted Antiques.
  9988 | D:10     | Bought a coppery potion for 24 gold pieces
 10172 | D:10     | Reached skill level 10 in Spellcasting
 10282 | D:10     | Noticed Joseph
 10287 | D:10     | Killed Joseph
 10551 | D:10     | Noticed Maggie
 10557 | D:10     | Killed Maggie
 10997 | D:11     | Noticed a boulder beetle
 11018 | D:11     | Killed a boulder beetle
 11031 | D:11     | Found a staircase to the Orcish Mines.
 11352 | Orc:1    | Entered Level 1 of the Orcish Mines
 11377 | Orc:1    | Noticed an ettin
 11397 | Orc:1    | Killed an ettin
 11600 | Orc:1    | Reached ***** piety under Kikubaaqudgha
 11779 | Orc:1    | Found a runed translucent gate.
 11779 | Orc:1    | Found a runed translucent gate.
 11779 | Orc:1    | Found a runed translucent gate.
 11779 | Orc:1    | Found an iron altar of Okawaru.
 11779 | Orc:1    | Noticed a merfolk impaler
 11779 | Orc:1    | Noticed Sucvi's ghost (journeyman MiFi)
 11780 | Orc:1    | Noticed a centaur warrior
 11839 | Orc:2    | Entered Level 2 of the Orcish Mines
 11849 | Orc:2    | Noticed an orc warlord
 12016 | D:12     | Noticed Frances
 12029 | D:12     | Slain by a sixfirhy

Illustrated notes

Levels and vault maps discovered:
D:1:      co_arrival_random_square_maze, layout_basic,
          shapermc_ecumenical_altar_notcrosses, minmay_strange_pillars
D:2:      layout_loops_corners, serial_shops, shop_scrolls, basic_altar,
          uniq_sigmund, uniq_crazy_yiuf_cottage
D:3:      minmay_general_purpose_star, layout_loops_ring, uniq_terence,
          uniq_grinder
D:4:      layout_rooms, nicolae_overflow_squiral, minmay_temple_entry_junction
D:5:      kennysheep_slugbush, layout_basic, marbit_many_paths
D:6:      layout_loops_cross, nicolae_uskayaw_en_pointe, enter_ossuary_4,
          uniq_pikel, uniq_menkaure
D:7:      layout_basic, kb_rosetta
D:8:      layout_cave_pools, serial_shops, nicolae_stop_n_shop_2,
          enter_bailey_2, minmay_misc_feat_square
D:9:      layout_small_grid, lair_entry_dummy, gammafunk_ghost_stat_death
D:10:     layout_irregular_city, serial_shops, nicolae_shop_window_shopping,
          uniq_maggie, uniq_joseph
D:11:     layout_loops_cross, orc_0_dummy
D:12:     layout_roguey, uniq_frances, uniq_fannar, uniq_urug
Temple:   nicolae_temple_no_exploring_needed
Orc:1:    layout_diamond_mine, gammafunk_ghost_fury_of_okawaru
Orc:2:    grunt_orc_gardens, layout_caves, grunt_orc_garden, grunt_orc_garden,
          grunt_orc_garden, grunt_orc_garden, basic_altar, minmay_orc_keep

Skill      XL: |  1  2  3  4  5  6  7  8  9 10 11 12 13 |
---------------+----------------------------------------+-----
Dodging        | 2 4 |  4.4
Fighting       | 1 2 3 4 6 |  6.4
Armour         | 1 2 3 4 6 |  6.4
Conjurations   | 4 5 6 |  6.0
Spellcasting   | 3 4 5 7 8 11 | 11.8
Necromancy     | 1 9 10 12 | 12.0
Earth Magic    | 1 10 11 12 | 12.5
Stealth        | |  2.4

Action                   |  1- 3 |  4- 6 |  7- 9 | 10-12 | 13-15 || total
-------------------------+-------+-------+-------+-------+-------++-------
Melee: Short sword       |    21 |       |       |       |       ||    21
       Punch             |     1 |       |       |       |     1 ||     2
       Spear             |     6 |     1 |     1 |       |       ||     8
       Hand axe          |       |       |       |     4 |    43 ||    47
 Fire: Hand crossbow     |       |       |     2 |       |     1 ||     3
 Cast: Magic Dart        |    34 |    47 |   136 |    45 |       ||   262
       Searing Ray       |     3 |    12 |    94 |    31 |     3 ||   143
       Borgnjor's Vile C |       |       |       |    10 |    92 ||   102
       Sublimation of Bl |       |       |       |     1 |       ||     1
 Abil: Dig               |       |       |       |       |     3 ||     3
  Use: Potion            |       |       |     2 |     6 |     1 ||     9
       Scroll            |       |       |     2 |     9 |     1 ||    12
 Stab: Sleeping          |     1 |       |       |       |       ||     1
Armor: Robe              |     6 |     2 |       |       |       ||     8
       Leather armour    |       |     1 |    22 |    13 |    29 ||    65
Dodge: Dodged            |    18 |    24 |    48 |    22 |    60 ||   172
